Cogmind - Beta 13 @@@ ROGUE MODE // 2024.05.24 @ 20:50:33 Player: Holy_Ghost Result: Self-destructed Performance ------------- Evolutions (2) 1000 Regions Visited (6) 1200 Robots Destroyed (42) 210 Value Destroyed (1188) 1188 Prototype IDs (30) 600 Alien Tech Used (0) 0 Bonus (300) 300 TOTAL SCORE: 4498 Bonus ------- Aligned with FarCom 300 Cogmind --------- Core Integrity 313/550 Matter 259/300 Energy 140/140 System Corruption 0% Temperature Cool (24) Movement Core (1500) Ox29 Location -8/Materials Parts ------- > --- POWER (1) -------- Light Deuterium Engine > --- PROPULSION (3) --- (None) > --- UTILITY (4) ------ Huge Storage Unit Visual Processing Unit Improved Signal Interpreter > --- WEAPON (3) ------- Enhanced Autogun > --- INVENTORY (25) --- Ion Engine Light Treads High-capacity Matter Pod (200) Improved Signal Interpreter Guided Plasma Cannon Firepult Blade Saw Peak State ------------ > --- POWER ------------ Light Deuterium Engine > --- PROPULSION ------- Wheel > --- UTILITY ---------- Huge Storage Unit Visual Processing Unit Improved Signal Interpreter > --- WEAPON ----------- Firepult Enhanced Autogun > --- INVENTORY -------- Ion Engine Light Treads High-capacity Matter Pod Improved Signal Interpreter Guided Plasma Cannon Enhanced Autogun Enhanced Autogun Concussive RPG Blade Saw [Rating: 36] Favorites ----------- Power Ion Engine Engine Ion Engine Propulsion Wheel Leg Aluminum Leg Wheel Wheel Hover Unit Improved Airjet Utility Improved Signal Interpreter Storage Small Storage Unit Processor Improved Signal Interpreter Protection Light Armor Plating Weapon Enhanced Autogun Energy Gun Small Laser Energy Cannon Firepult Ballistic Gun Enhanced Autogun Launcher Concussive RPG Build | -11 -10 -9 -9 -9 -8 -8 ------- Run | Yrd Mat Mat Min Exi Min Mat Slots Evolved 4 | . . 2 . . . 2 Power . | . . . . . . . Propulsion 1 | . . . . . . 1 Utility 2 | . . 1 . . . 1 Weapon 1 | . . 1 . . . . Parts Attached 22 | . 2 7 2 1 1 9 Power 2 | . . 1 . . . 1 Engine 2 | . . 1 . . . 1 Core . | . . . . . . . Reactor . | . . . . . . . Propulsion 4 | . . . 2 . . 2 Treads . | . . . . . . . Leg . | . . . . . . . Wheel 3 | . . . 2 . . 1 Hover 1 | . . . . . . 1 Flight . | . . . . . . . Utility 6 | . 1 2 . 1 1 1 Device . | . . . . . . . Storage 2 | . . . . 1 1 . Processor 3 | . 1 2 . . . . Hackware . | . . . . . . . Protection 1 | . . . . . . 1 Artifact . | . . . . . . . Weapon 10 | . 1 4 . . . 5 Energy Gun . | . . . . . . . Energy Cannon 1 | . . . . . . 1 Ballistic Gun 8 | . 1 4 . . . 3 Ballistic Cannon . | . . . . . . . Launcher 1 | . . . . . . 1 Special Weapon . | . . . . . . . Impact Weapon . | . . . . . . . Slashing Weapon . | . . . . . . . Piercing Weapon . | . . . . . . . Special Melee Weapon . | . . . . . . . Unidentified Prototypes 3 | . . 1 . 1 . 1 Parts Lost 10 | . 1 1 2 . . 6 Power 1 | . . 1 . . . . Propulsion 5 | . . . 2 . . 3 Utility 1 | . . . . . . 1 Weapon 3 | . 1 . . . . 2 Highest Loss Streak 4 | . 1 1 2 . . 4 To Critical Strikes . | . . . . . . . Average Slot Usage (%) 91 | . 87 91 98 98 100 81 Engine 10 | . 14 11 11 11 11 9 Leg 9 | . 28 22 14 . . . Wheel 11 | . . . 6 22 22 13 Storage 10 | . 14 11 11 9 11 9 Processor 17 | . 2 15 22 22 22 18 Protection 1 | . . . . . . 5 Energy Gun 3 | . 24 1 . . . . Ballistic Gun 27 | . 3 30 33 33 33 26 Naked Turns . | . . . . . . . Heaviest Build 110 | 12 13 19 19 19 94 110 Greatest Support 20 | 20 20 20 20 20 20 20 Greatest Overweight (x) 10 | . . . . . 4 10 Average Overweight (x) . | . . . . . . 5 Largest Inventory Capacity 25 | . 8 8 8 8 25 25 Average Capacity 12 | . 8 8 8 7 13 25 Most Carried 11 | . 6 8 8 8 8 11 Average Carried 7 | . 5 6 7 6 8 8 Final Capacity 25 | 8 8 8 8 8 25 25 Final Carried 8 | 6 5 8 6 8 8 8 Class Distribution -------------------- 74% | Skirmisher 14% | Mutant 10% | Gunner Dominant Class ---------------- Mutant | -10/Materials Gunner | -9/Materials Skirmisher | -9/Mines Skirmisher | -9/Exiles Skirmisher | -8/Mines Skirmisher | -8/Materials Resources | -11 -10 -9 -9 -9 -8 -8 ----------- Run | Yrd Mat Mat Min Exi Min Mat Matter Collected 1361 | 200 25 378 149 150 . 459 Remotely . | . . . . . . . Salvage Created 1519 | . 236 423 38 . 166 656 Parts 97 | . 15 29 6 . 5 42 Haulers Intercepted 3 | . 1 1 . . . 1 Recyclers Shooed 2 | . 2 . . . . . Parts Field Recycled . | . . . . . . . Retrieved Matter . | . . . . . . . Parts Self-Destructed . | . . . . . . . Prevented . | . . . . . . . Kills | -11 -10 -9 -9 -9 -8 -8 ------- Run | Yrd Mat Mat Min Exi Min Mat Combat Hostiles Destroyed 34 | . 6 8 3 . 3 14 Guns 32 | . 6 8 3 . 3 12 Cannons 1 | . . . . . . 1 Classes Destroyed 8 | . 4 1 . . . 3 Worker 1 | . . . . . . 1 Builder 1 | . . . . . . 1 Hauler 3 | . 1 1 . . . 1 Watcher 3 | . 1 1 . . . 1 Swarmer 10 | . 3 . 3 . . 4 Cutter 1 | . . . . . . 1 Grunt 19 | . 3 6 . . 3 7 Sentry 4 | . . 2 . . . 2 Best Kill Streak 6 | . 3 6 3 . 3 6 Combat Bots Only 5 | . 3 4 3 . 3 5 Max Kills in Single Turn 3 | . 1 1 1 . 1 3 Gunslinging . | . . . . . . . Exploded . | . . . . . . . Melee . | . . . . . . . Uniques/NPCs Destroyed . | . . . . . . . Combat | -11 -10 -9 -9 -9 -8 -8 -------- Run | Yrd Mat Mat Min Exi Min Mat Hostile Shots Fired 155 | . 41 19 23 . 6 66 Missed 52 | . 15 5 3 . 3 26 Damage Taken 1402 | . 282 194 202 . 45 679 Core 366 | . 41 29 59 . . 237 Absorbed by Shields . | . . . . . . . Core Remaining (%) 87 | 100 83 . . . 78 . Volleys Fired 107 | . 35 26 8 . 3 35 Largest 3 | . 2 3 3 . 3 3 Hottest 250 | . 80 75 75 . 75 250 Shots Fired 277 | . 69 78 24 . 9 97 Gun 273 | . 69 78 24 . 9 93 Cannon 3 | . . . . . . 3 Launcher 1 | . . . . . . 1 Special . | . . . . . . . Kinetic 212 | . 8 78 24 . 9 93 Thermal 64 | . 61 . . . . 3 Explosive 1 | . . . . . . 1 Electromagnetic . | . . . . . . . Robot Hit Streak 17 | . 17 10 3 . 6 9 Robot Miss Streak 6 | . 4 6 5 . 1 4 Penetration Max . | . . . . . . . Secondary Targets 5 | . 1 . 2 . 2 . Max Gunslinging Chain 1 | . 1 . 1 . 1 . Shots Hit Robots 160 | . 43 41 12 . 7 57 Core Hits 63 | . 14 12 4 . 4 29 Critical Kills 2 | . . . . . 1 1 Critical Parts Destroyed 1 | . . . . . . 1 Critical Strikes 3 | . . . . . 1 2 Destroy 3 | . . . . . 1 2 Melee Attacks . | . . . . . . . Impact . | . . . . . . . Slashing . | . . . . . . . Piercing . | . . . . . . . Sneak Attacks . | . . . . . . . Combat Hostiles . | . . . . . . . Follow-up Attacks . | . . . . . . . Damage Inflicted 2837 | . 499 758 254 . 116 1210 Guns 2554 | . 495 752 254 . 116 937 Cannons 82 | . . . . . . 82 Explosions 191 | . . . . . . 191 Melee . | . . . . . . . Ramming 10 | . 4 6 . . . . Kinetic 2123 | . 64 752 254 . 116 937 Thermal 632 | . 431 . . . . 201 Explosive 60 | . . . . . . 60 Electromagnetic . | . . . . . . . Impact 12 | . . . . . . 12 Slashing . | . . . . . . . Piercing . | . . . . . . . Highest Corruption . | . . . . . . . Average Corruption . | . . . . . . . Corruption Purged . | . . . . . . . Corruption Blocked . | . . . . . . . Overload Shots . | . . . . . . . Overflow Damage . | . . . . . . . Projectiles . | . . . . . . . Explosions . | . . . . . . . Melee . | . . . . . . . Knockbacks . | . . . . . . . Impact . | . . . . . . . Kinetic . | . . . . . . . Secondary . | . . . . . . . Self-Inflicted Damage 10 | . . . . . . 10 Shots 1 | . . . . . . 1 Rammed . | . . . . . . . Targets Rammed 4 | . 2 2 . . . . Kicked 4 | . 2 2 . . . . Crushed . | . . . . . . . Highest Temperature 617 | . 210 476 159 . 111 617 Average Temperature 108 | . 78 110 82 . 63 147 Received Heat Transfer 285 | . 102 66 . . 27 90 Effects 14 | . . 5 . . . 9 Shutdowns 2 | . . 1 . . . 1 Energy Bleed 2 | . . 1 . . . 1 Interference 7 | . . 3 . . . 4 Damage (minor) 1 | . . . . . . 1 Damage (core) 2 | . . . . . . 2 Siege Activations . | . . . . . . . Robots Corrupted . | . . . . . . . Combat Hostiles . | . . . . . . . Parts Fried . | . . . . . . . Impact Corruptions . | . . . . . . . Robots Melted 1 | . . . . . . 1 Combat Hostiles 1 | . . . . . . 1 Parts Melted 5 | . 1 . . . . 4 Heat Transferred 2070 | . 950 . . . . 1120 Parts Sabotaged . | . . . . . . . Parts Stolen . | . . . . . . . Parts Stripped . | . . . . . . . Power Chain Reactions . | . . . . . . . Alert | -11 -10 -9 -9 -9 -8 -8 ------- Run | Yrd Mat Mat Min Exi Min Mat Peak Influence 354 | . 225 324 176 . 85 354 Initial 126 | . . 94 126 . . 33 Average 151 | . 110 175 141 . 83 181 Maximum Alert Level 1 | . 1 1 . . . 1 Low Security (%) 70 | . 67 56 100 . 100 63 Level 1 29 | . 32 43 . . . 36 Level 2 . | . . . . . . . Level 3 . | . . . . . . . Level 4 . | . . . . . . . Level 5 . | . . . . . . . High Security . | . . . . . . . Max Security . | . . . . . . . Squads Dispatched 5 | . . . . . . 5 Investigation 1 | . . . . . . 1 Extermination . | . . . . . . . Reinforcement 4 | . . . . . . 4 Assault . | . . . . . . . Garrison . | . . . . . . . Intercept . | . . . . . . . Searches Triggered . | . . . . . . . Construction Impeded . | . . . . . . . Haulers Reinforced . | . . . . . . . Active Scanning Responses . | . . . . . . . Cargo Convoy Interrupts . | . . . . . . . Stealth | -11 -10 -9 -9 -9 -8 -8 --------- Run | Yrd Mat Mat Min Exi Min Mat Distress Signals 3 | . 1 1 1 . . . Communications Jammed . | . . . . . . . Distress Signals . | . . . . . . . Times Spotted 57 | . 12 12 6 . 3 24 Peak Tracking Total 7 | . 7 4 5 . 3 4 Tactical Retreats 2 | . 2 . . . . . Traps | -11 -10 -9 -9 -9 -8 -8 ------- Run | Yrd Mat Mat Min Exi Min Mat Traps Triggered 1 | . . . . . . 1 Indirectly . | . . . . . . . Trap Hack Attempts . | . . . . . . . Triggered . | . . . . . . . Disarmed . | . . . . . . . Reprogrammed . | . . . . . . . Reused . | . . . . . . . Traps Extracted . | . . . . . . . Installed . | . . . . . . . Triggered . | . . . . . . . Machines | -11 -10 -9 -9 -9 -8 -8 ---------- Run | Yrd Mat Mat Min Exi Min Mat Machines Disabled 3 | . . . . . . 3 Max in Single Turn 2 | . . . . . . 2 Machines Repaired . | . . . . . . . Machines Dismantled . | . . . . . . . Machines Sabotaged . | . . . . . . . Overloaded Fab Kills . | . . . . . . . Hacking | -11 -10 -9 -9 -9 -8 -8 --------- Run | Yrd Mat Mat Min Exi Min Mat Machines Accessed 12 | . 2 1 . 3 . 6 Terminals 7 | . 2 1 . . . 4 Fabricators . | . . . . . . . Repair Stations 1 | . . . . . . 1 Recycling Units . | . . . . . . . Scanalyzers 1 | . . . . . . 1 Garrison Access . | . . . . . . . Total Hacks 42 | . 5 4 . 5 . 28 Successful 26 | . 3 2 . 5 . 16 Failed 16 | . 2 2 . . . 12 Catastrophic 3 | . . 2 . . . 1 Database Lockouts . | . . . . . . . Manual 8 | . 3 3 . 1 . 1 Terminals 23 | . 5 4 . . . 14 Fabricators . | . . . . . . . Repair Stations 3 | . . . . . . 3 Recycling Units . | . . . . . . . Scanalyzers 11 | . . . . . . 11 Garrison Access . | . . . . . . . Terminal Hacks 16 | . 3 2 . 5 . 6 Record 5 | . . . . 4 . 1 Prototype ID Bank 3 | . 1 1 . . . 1 Unreport Threat 1 | . . . . . . 1 Locate Traps 2 | . 1 . . . . 1 Hauler Manifests 1 | . . . . . . 1 Zone Layout 3 | . 1 1 . . . 1 Derelict Proto ID Bank 1 | . . . . 1 . . Fabricator Hacks . | . . . . . . . Repair Station Hacks 1 | . . . . . . 1 Scan Component 1 | . . . . . . 1 Recycling Unit Hacks . | . . . . . . . Scanalyzer 9 | . . . . . . 9 Insert Component 4 | . . . . . . 4 Analyze 5 | . . . . . . 5 Garrison Access Hacks . | . . . . . . . Unauthorized Hacks . | . . . . . . . Terminals . | . . . . . . . Fabricators . | . . . . . . . Repair Stations . | . . . . . . . Recycling Units . | . . . . . . . Scanalyzers . | . . . . . . . Garrison Access . | . . . . . . . Data Cores Recovered . | . . . . . . . Used . | . . . . . . . Hacking Detections 9 | . 2 1 . . . 6 Full Trace Events . | . . . . . . . Feedback Events . | . . . . . . . Feedback Blocked . | . . . . . . . Robot Schematics Acquired . | . . . . . . . Robots Built . | . . . . . . . Authchips . | . . . . . . . Time . | . . . . . . . Total Robot Build Rating . | . . . . . . . Part Schematics Acquired 3 | . . . . . . 3 Parts Built . | . . . . . . . Authchips . | . . . . . . . Time . | . . . . . . . Total Part Build Rating . | . . . . . . . Parts Repaired . | . . . . . . . Time . | . . . . . . . Parts Recycled . | . . . . . . . Recycled Matter . | . . . . . . . Retrieved Matter . | . . . . . . . Retrieved Components . | . . . . . . . Parts Scanalyzed 3 | . . . . . . 3 Part Schematics Acquired 3 | . . . . . . 3 Parts Damaged 1 | . . . . . . 1 Bothacking | -11 -10 -9 -9 -9 -8 -8 ------------ Run | Yrd Mat Mat Min Exi Min Mat Used RIF Installer . | . . . . . . . Robots Hacked . | . . . . . . . Non-combat . | . . . . . . . Combat . | . . . . . . . Robot Hacks Applied . | . . . . . . . Relay Couplers Released . | . . . . . . . Fabnet Peak Effective % . | . . . . . . . Robots Rewired . | . . . . . . . Allies Hacked . | . . . . . . . Hacks Repelled . | . . . . . . . Allies | -11 -10 -9 -9 -9 -8 -8 -------- Run | Yrd Mat Mat Min Exi Min Mat Total Allies . | . . . . . . . Largest Group . | . . . . . . . Highest-Rated Group . | . . . . . . . Highest-Rated Ally . | . . . . . . . Total Orders . | . . . . . . . Ally Attacks . | . . . . . . . Total Damage . | . . . . . . . Kills . | . . . . . . . Allies Corrupted . | . . . . . . . Allies Melted . | . . . . . . . Intel | -11 -10 -9 -9 -9 -8 -8 ------- Run | Yrd Mat Mat Min Exi Min Mat Robot Analysis Total . | . . . . . . . Derelict Logs Recovered . | . . . . . . . Drone Launches . | . . . . . . . Drone Recoveries . | . . . . . . . Exploration | -11 -10 -9 -9 -9 -8 -8 ------------- Run | Yrd Mat Mat Min Exi Min Mat Turns Passed 1989 | . 270 383 198 526 141 471 Spaces Moved 1489 | 1 115 234 167 651 143 178 Core . | . . . . . . . Treads . | . . . . . . . Legs 451 | 1 115 234 101 . . . Wheels 1038 | . . . 66 651 143 178 Hover . | . . . . . . . Flight . | . . . . . . . Fastest Speed 80 | 120 120 120 80 80 80 140 Average Speed 103 | 120 120 120 104 80 93 163 Slowest Speed 230 | 120 120 120 120 80 140 230 Overloaded Moves . | . . . . . . . Propulsion Burnouts . | . . . . . . . Robots Hopped . | . . . . . . . Cave-ins Triggered . | . . . . . . . Time Travels 1 | . . . . 1 . . Exploration Rate (%) 32 | 1 27 18 42 81 37 24 Regions Visited 6 Branch Regions 3 Pre-discovered Areas . | . . . . . . . Known Exits Taken 5 | . 1 1 1 1 1 . Unknown Exits Taken 1 | 1 . . . . . . Scrap Searched . | . . . . . . . Spaces Dug . | . . . . . . . Terrain Destroyed 19 | . . . . . . 19 Melee . | . . . . . . . Projectile . | . . . . . . . AOE 19 | . . . . . . 19 Terrain Rammed . | . . . . . . . Walls Destroyed . | . . . . . . . Machines Disabled . | . . . . . . . Actions | -11 -10 -9 -9 -9 -8 -8 --------- Run | Yrd Mat Mat Min Exi Min Mat Total 1792 | . 177 309 182 656 147 321 Wait 153 | . 24 31 6 . . 92 Move 1483 | . 114 233 166 650 142 178 Hop . | . . . . . . . Pick Up 10 | . . 5 . 3 . 2 Fast Attach 9 | . 1 5 . 1 . 2 Attach 9 | . 1 1 2 . . 5 Detach 3 | . . . . . . 3 Swap 4 | . . 1 . . 1 2 Drop 10 | . . 5 . 2 1 2 Fire 107 | . 35 26 8 . 3 35 Melee . | . . . . . . . Ram . | . . . . . . . Kick 4 | . 2 2 . . . . Crush . | . . . . . . . Escape Stasis . | . . . . . . . Rewire . | . . . . . . . Trap . | . . . . . . . Miscellaneous . | . . . . . . . Route ------- -11/Scrapyard -10/Materials -9/Materials -9/Mines -9/Exiles (discovered 2 exits: *Min x2) -8/Mines -8/Materials History --------- Turn | Location | Event 1 | -11/Scrapyard | Discovered new exit (range 0) 1 | -11/Scrapyard | Entered Materials 241 | -10/Materials | Discovered new exit (range 14) 265 | -10/Materials | Identified exit to Materials 271 | -10/Materials | Entered another Materials area 271 | -9/Materials | Evolved 2 slots: Utility x1, Weapon x1 555 | -9/Materials | Discovered new exit (range 11) 641 | -9/Materials | Identified exit to Mines 654 | -9/Materials | Entered Mines 761 | -9/Mines | Assembled infested the area 809 | -9/Mines | Met 8R-AWN 814 | -9/Mines | Build established: Skirmisher 849 | -9/Mines | Discovered new exit (range 5) 851 | -9/Mines | Identified exit to Exiles 852 | -9/Mines | Entered Exiles 872 | -9/Exiles | Welcomed by 8R-AWN 887 | -9/Exiles | Met EX-HEX 925 | -9/Exiles | Discovered new exit (range 16) 936 | -9/Exiles | Identified exit to Mines 953 | -9/Exiles | Learned about 8R-AWN's background 1016 | -9/Exiles | Met EX-DEC 1033 | -9/Exiles | Visited The Gauntlet 1127 | -9/Exiles | Discovered exit to Mines (range 10) 1171 | -9/Exiles | Met EX-BIN 1184 | -9/Exiles | Aligned with FarCom system 1185 | -9/Exiles | Given EX-Vault access code 1208 | -9/Exiles | Opened EX-Vault 1215 | -9/Exiles | Found Prototype Device 1215 | -9/Exiles | Identified Chronowheel 1215 | -9/Exiles | Activated Chronowheel 1215 | -9/Exiles | Spacetime reconverged on an earlier point 1264 | -9/Exiles | Warned to stay clear of 0b10 Research branches 1299 | -9/Exiles | Found Firepult 1303 | -9/Exiles | Found Gui. Plasma Cannon 1378 | -9/Exiles | Stole two prototypes: Gui. Plasma Cannon, Firepult 1378 | -9/Exiles | Entered Mines 1509 | -8/Mines | Discovered new exit (range 8) 1518 | -8/Mines | Identified exit to Materials 1519 | -8/Mines | Entered Materials 1519 | -8/Materials | Evolved 2 slots: Propulsion x1, Utility x1 1990 | -8/Materials | Self-destructed Last Messages --------------- 01960_ U-05 Engineer lays Concrete. 01963_ Acquired 33 matter. 01964_ U-05 Engineer lays Concrete. 01971_ Connecting with Repair Station... >>Scan(Enh. Autogun) Scanning Enh. Autogun... Ready to Repair: Enh. Autogun Rating: 3p Time: 60 01978_ U-05 Engineer builds a Wall. 01979_ Wheel destroyed. 01982_ U-05 Engineer builds a Wall. 01985_ Wheel destroyed. 01985_ Concussive RPG expended. 01985_ X-57 Shotgunner knocked back. 01985_ Terminal disabled. 01987_ U-05 Engineer lays Concrete. 01988_ Enh. Autogun destroyed. 01989_ U-05 Engineer builds a Door. Map ----- +----------------------------------------------------+ | ??????????????????????????????????????????????#[[ | | ??????????????????????????????????????????????#[[ | | ??????????????????????????????????????????????#== | | ??????????????????????????????????????????????#== | | ??????????????????????????????????????????????#]] | | ??????????????????????????????????????????????#]] | | ??????????????????????????????????????????????#### | | ????????????????????????????????????????????????## | | ????????????????????????????????????????????????# | | ????????????????????????????????????????????????# | | ????????????????????????????????????????????????# | | ????????????????????????????????????????????????# | | ????????????????# ???##????????????????????????# | | ????????????????# #"""?#????????????????######## | | ????????????????# #"T # #???????????????# # | | ????????????????# ???????????????# =# | | ????????????????# ??????H????????# """%+ | | ????????????????# /!! x ???????????????# """=# | | ????????????????# /!! x#???????????????# """=# | | ????????????????# /! ########???????# # | | ????????????????# # ################ | | ????????????????# a ## # # | | ????????????????# # #"S """ """ ## | | ????????????????+ + """#""" """ """ ## | | ????????????????# # R"# "" """ """ ## | | ????????????????###+#### @ # """# ## | | ?????????????????? ?# # #= [ !## | | ????????????????#? """ # ## #"""#####+######## | | ????????????????# """ + o = # ### ^ | | ????????????????# " #u = [ [ ]= !% | | ????????????????# # * [][[ = | | ????????????????# " # ! = =! ####### | | ????????????????# " ################ ######## | | ????????????????# #??????????????# #??????# | | ????????????????# ???????????????#w #??????# | | ????????????????#] ""? ??????????????? #?????# | | ????????????????# "?"???????????????# #?????# | | ????????????????# ???????????????????+ T #?????? | | ?????????????????????????????????????? #?????? | | ?????????????????????????????????????? #?????? | | ?????????????????????????????????????## ##?????? | | ??????????????????????????????????????? #??????? | | ??????????????????????????????????????? ? #??????? | | ??????????????????????????????????????? ?????????? | | ?????????????????????????????????????????????????? | | ?????????????????????????????????????????????????? | | ?????????????????????????????????????????????????? | | ?????????????????????????????????????????????????? | | ?????????????????????????????????????????????????? | | ?????????????????????????????????????????????????? | +----------------------------------------------------+ Best States ------------- Heat Dissipation 31 Energy Generation 14 Energy Capacity 250 Matter Stores 300 Matter Capacity 300 Sight Range 18 Terrain Scan Density 10 Armor Coverage 150 Evasion (%) 55 Item Schematics ----------------- Hcp. Matter Pod | -8/Materials | Scanalyzed Imp. Signal Interpreter | -8/Materials | Scanalyzed Autogun | -8/Materials | Scanalyzed Robot Schematics ------------------ None Fabricated ------------ Nothing Alien Tech Used ----------------- None Achievements -------------- None Challenges ------------ None Game ------ Seed EnergyHelicalBroadsword Manual? 0 Play Time 00:28:23 Cumulative 32.0 hours Start 2024.05.24 @ 20:22:36 End 2024.05.24 @ 20:50:33 Sessions 1 Manual Loads 0 Difficulty Rogue Special Mode None Game No. 117 Rogue 117 Adventurer 0 Explorer 0 Win Type - Total 0 Types 0/0/0/0/0/0/0/0/0 Lore% 20 Gallery% 25 Achievement% 23 Wizard Run 0 Options --------- Layout 1 ASCII 0 Keyboard 0 Movement Arrows Keybinds 0 Fullscreen 1 Font 24/Smallcaps Map View 50x35 Zoom Use 0% Tactical HUD 1 Map Filters NONE Filters NONE Steam 1 RUN: ca6e551f-4075-42fa-81e2-60a8f39c29db